 Dungeon Crawl Stone Soup version 0.19-a0-1365-gb34f4cb (webtiles) character file.

254 Amnesiac the Grave Robber (level 5, -7/28 HPs)
             Began as a Deep Elf Necromancer on Sept 2, 2016.
             Mangled by a mummy (15 damage)
             ... in an ossuary.
             The game lasted 00:07:15 (2461 turns).

Amnesiac the Grave Robber (Deep Elf Necromancer)    Turns: 2461, Time: 00:07:16

Health: -7/28      AC:  3    Str:  5    XL:     5   Next: 91%
Magic:  3/15       EV: 19    Int: 25    God:
Gold:   121        SH:  0    Dex: 25    Spells: 3 memorised, 7 levels left

rFire  + . .     SeeInvis +     (no weapon)
rCold  + . .     Gourm    .     a - +0 robe
rNeg   . . .     Faith    .     (no shield)
rPois  +         Spirit   .     (no helmet)
rElec  +         Dismiss  .     i - +0 cloak
rCorr  +         Reflect  .     (no gloves)
MR     .....     Harm     .     (no boots)
Stlth  ++++......               (no amulet)
                                w - +4 ring of dexterity
                                n - ring of see invisible

@: brilliant, agile, resistant, flying, very slightly contaminated, hasted
(expiring), very quick
A: no striking features
a: no special abilities


You were in an ossuary.
You were very hungry.

You visited 1 branch of the dungeon, and saw 4 of its levels.
You also visited: Ossuary.

You collected 121 gold pieces.

Inventory:

Armour
 a - a +0 robe (worn)
 i - a +0 cloak (worn)
Jewellery
 n - a ring of see invisible (left hand)
 w - a +4 ring of dexterity (right hand)
Scrolls
 d - 2 scrolls of fog
 e - a scroll of remove curse
 h - a scroll of teleportation
 k - a scroll of magic mapping {unknown}
 q - 2 scrolls of amnesia {unknown}
 s - 2 scrolls of identify {unknown}
 u - a scroll of fear {unknown}
 x - a scroll of enchant weapon {unknown}
Potions
 l - a potion of flight
 t - a potion of haste
Books
 b - a book of Necromancy

   Spells                             Type                      Level
   a - Pain                           Necromancy                   1
   b - Animate Skeleton               Necromancy                   1
   c - Vampiric Draining              Necromancy                   3
   d - Regeneration                   Charms/Necromancy            3
   e - Animate Dead                   Necromancy                   4
   f - Control Undead                 Necromancy                   4
Comestibles
 c - 3 bread rations
 f - a slice of pizza
 g - 2 meat rations
 j - 2 fruits
 r - a beef jerky
 v - a royal jelly


   Skills:
 - Level 2.4 Dodging
 - Level 2.4 Stealth
 + Level 5.5 Spellcasting
 * Level 7.5 Necromancy


You had 7 spell levels left.
You knew the following spells:

 Your Spells              Type           Power        Failure   Level  Hunger
a - Animate Dead          Necr           N/A          1%          4    ###....
f - Vampiric Draining     Necr           ######....   1%          3    #......
z - Pain                  Necr           ####         1%          1    None


Dungeon Overview and Level Annotations

Branches:
Dungeon (4/15)
 Temple: D:4-7

Altars:
Gozag


Message History

You call on the dead to rise...
Nothing appears to happen.
The mummy hits you!
* * * LOW HITPOINT WARNING * * *
Casting: Animate Dead
Confirm with . or Enter, or press ? or * to list all spells.
Okay, then.
It was a potion of agility.
You feel agile all of a sudden.
It was a potion of berserk rage.
You're too hungry to go berserk.
An arrow hits the rat zombie!
It was a potion of resistance.
You feel protected.
Your extra speed is starting to run out.
The adder zombie barely misses you. The mummy misses you.
It was a potion of brilliance.
You feel clever all of a sudden. The adder zombie misses you.
Okay, then.
You hit the mummy but do no damage. The mummy hits you!
Ouch! That really hurt!
You die...

##################
#?ZZ^........§§§§§
#@M#^........§§§ZZ
####.........#####
#Z.^..............
#Z................
#.....##..........
#MZ...##.....Z....
#.................
#ZZ#..............
#..##..........∩..


You could see 2 mummies, an adder zombie, a rat zombie, a hound zombie, 2 goblin
zombies and 2 human zombies.

Vanquished Creatures
  A scorpion (D:4)
  2 orc wizards (D:3)
  An orc priest (D:3)
  A worker ant (D:4)
  4 adders
  An ooze (D:1)
  An adder skeleton (D:4)
  A dart slug (D:3)
  3 giant geckos
  3 orcs
  A ball python (D:4)
  2 giant cockroaches
  3 goblins (D:1)
  2 hobgoblins (D:1)
  6 jackals (D:1)
  5 kobolds
  6 bats
  5 rats
48 creatures vanquished.

Vanquished Creatures (others)
  A jackal zombie (Ossuary)
1 creature vanquished.

Grand Total: 49 creatures vanquished

Notes
Turn   | Place    | Note
-------+----------+-------------------------------------------
     0 | D:1      | Amnesiac the Deep Elf Necromancer began the quest for the Orb.
     0 | D:1      | Reached XP level 1. HP: 10/10 MP: 6/6
    29 | D:1      | Reached skill level 5 in Necromancy
   452 | D:1      | Reached XP level 2. HP: 14/15 MP: 5/8
   884 | D:1      | Reached XP level 3. HP: 17/19 MP: 7/10
  1354 | D:3      | Reached skill level 6 in Necromancy
  1354 | D:3      | Reached XP level 4. HP: 23/24 MP: 9/12
  1518 | D:3      | Reached XP level 5. HP: 25/28 MP: 9/14
  1527 | D:3      | Learned a level 3 spell: Vampiric Draining
  1557 | D:3      | Reached skill level 5 in Spellcasting
  1832 | D:3      | Found an opulent altar of Gozag.
  1861 | D:4      | Reached skill level 7 in Necromancy
  2351 | D:4      | Found a sand-covered staircase.
  2368 | Ossuary  | Entered an ossuary
  2454 | Ossuary  | Learned a level 4 spell: Animate Dead
  2461 | Ossuary  | Mangled by a mummy

Vault maps used:
D:1:      saegor_arrival_simple_d, minmay_hexomino_p4
D:3:      first_bread, nicolae_gozag_cash_rules_everything_around_me
D:4:      black_bear_nest_1, enter_ossuary_4
Ossuary:  ossuary_minmay_tomb_2a

Skill      XL: |  1  2  3  4  5 |
---------------+----------------+-----
Necromancy     | 5 6 7 |  7.5
Spellcasting   | 4 5 |  5.5
Dodging        | |  2.4
Stealth        | |  2.4

Action                   |  1- 3 |  4- 6 || total
-------------------------+-------+-------++-------
Melee: Unarmed           |       |    21 ||    21
 Cast: Pain              |    43 |    40 ||    83
       Vampiric Draining |       |     4 ||     4
       Animate Dead      |       |     2 ||     2
  Use: Potion            |       |     6 ||     6
       Scroll            |       |     3 ||     3
  Eat: Chunk             |     1 |     3 ||     4
Armor: Robe              |       |    11 ||    11
Dodge: Dodged            |       |    42 ||    42
